Cogmind - Beta 16 @@@ ROGUE MODE // 2025.12.18 @ 18:33:10 Player: souux Result: Destroyed by S-43 Plague with Heavy Machine Gun Performance ------------- Evolutions (9) 4500 Regions Visited (15) 3000 Robots Destroyed (275) 1375 Value Destroyed (12089) 12089 Prototype IDs (47) 940 Alien Tech Used (0) 0 Bonus (3600) 3600 TOTAL SCORE: 25504 Bonus ------- Triggered High Security 500 High Alert Combat Kills 2446 Follower Combat Kills 354 Aligned with FarCom 300 Cogmind --------- Core Integrity 0/1600 Matter 236/300 Energy 13/100 System Corruption 21% Temperature Cool (0) Movement Core (50) Location -1/Access Parts ------- > --- POWER (2) -------- (None) > --- PROPULSION (8) --- Experimental Gyrokinetic Inverter Experimental Gyrokinetic Inverter Combat Linear Gravjet Combat Linear Gravjet > --- UTILITY (12) ----- Advanced Visual Processing Unit > --- WEAPON (3) ------- Plasma Sword > --- INVENTORY (5) ---- Centrium Wheel Combat Linear Gravjet Combat Linear Gravjet Graphene Brace Peak State ------------ > --- POWER ------------ Quantum Reactor Reinforced Quantum Reactor > --- PROPULSION ------- Biometal Leg Biometal Leg Biometal Leg Centrium Leg Centrium Leg Centrium Leg Centrium Leg Centrium Leg > --- UTILITY ---------- Cryofiber Web Advanced Heat Sink Advanced Heat Sink Advanced Heat Sink Huge Storage Unit Advanced Visual Processing Unit Advanced Targeting Computer Core Analyzer Advanced Transmission Jammer Layered Light Armor Plating Hacking Suite Advanced System Shield > --- WEAPON ----------- Enhanced Nova Cannon Enhanced Nova Cannon Field Lobotomy Kit > --- INVENTORY -------- Quantum Reactor Biometal Heavy Treads Myomer Leg Centrium Wheel Combat Antigrav System Experimental Gyrokinetic Inverter Experimental Gyrokinetic Inverter Combat Linear Gravjet Combat Linear Gravjet Advanced Heat Sink High-capacity Matter Pod Graphene Brace Advanced Point Defense System Nova Cannon KE Penetrator Ragnarok Missile Launcher Plasma Sword [Rating: 177] Favorites ----------- Power Cooled Ion Engine Engine Cooled Ion Engine Power Core Neutrino Core Reactor Cold Fusion Reactor Propulsion Armored Wheel Treads Light Treads Leg Centrium Leg Wheel Armored Wheel Hover Unit Experimental Gyrokinetic Inverter Utility Huge Storage Unit Device Advanced Heat Sink Storage Huge Storage Unit Processor Advanced Targeting Computer Hackware Hacking Suite Protection Hardened Medium Armor Plating Weapon Gatling Laser Energy Gun Gatling Laser Energy Cannon Nova Cannon Ballistic Gun KE Penetrator Ballistic Cannon Heavy Gauss Cannon Launcher Shock Bomb Launcher Special Weapon Field Lobotomy Kit Slashing Weapon Chainsword Build | -11 -10 -10 -9 -9 -9 -8 -8 -7 -7 -6 -5 -4 -3 -2 -1 ------- Run | Yrd Mat Min Mat Min Exi Min Mat Fac Sto Fac Fac Fac Res Res Acc Slots Evolved 18 | . . . 2 . . . 2 2 . 2 2 2 2 2 2 Power 1 | . . . . . . . . . . . . 1 . . . Propulsion 6 | . . . 1 . . . 1 1 . 1 1 1 . . . Utility 10 | . . . 1 . . . . 1 . 1 1 . 2 2 2 Weapon 1 | . . . . . . . 1 . . . . . . . . Parts Attached 204 | 8 14 4 31 3 . . 13 7 15 8 11 10 11 19 50 Power 20 | 1 3 1 3 . . . . . 2 1 . 1 . 4 4 Engine 10 | 1 3 1 3 . . . . . 2 . . . . . . Core 1 | . . . . . . . . . . . . 1 . . . Reactor 9 | . . . . . . . . . . 1 . . . 4 4 Propulsion 75 | 3 3 1 13 1 . . 7 4 2 5 1 2 5 6 22 Treads 31 | . 1 . 5 1 . . 2 1 2 4 1 2 . 4 8 Leg 15 | . 2 . . . . . . . . . . . 2 2 9 Wheel 24 | 3 . 1 8 . . . 5 3 . 1 . . 3 . . Hover 5 | . . . . . . . . . . . . . . . 5 Flight . | . . . . . . . . . . . . . . . . Utility 59 | 2 3 . 9 1 . . 4 . 4 2 6 4 4 5 15 Device 25 | 1 1 . 6 . . . 1 . 2 1 3 1 1 1 7 Storage 4 | 1 2 . . 1 . . . . . . . . . . . Processor 10 | . . . . . . . 1 . . . 2 3 . 3 1 Hackware 4 | . . . . . . . . . . . . . 2 . 2 Protection 16 | . . . 3 . . . 2 . 2 1 1 . 1 1 5 Artifact . | . . . . . . . . . . . . . . . . Weapon 50 | 2 5 2 6 1 . . 2 3 7 . 4 3 2 4 9 Energy Gun 21 | 2 2 1 3 1 . . 1 3 5 . 1 . 1 . 1 Energy Cannon 7 | . . . . . . . . . . . . . . 3 4 Ballistic Gun 7 | . . . 1 . . . . . 1 . 3 . . . 2 Ballistic Cannon 6 | . 2 . . . . . . . 1 . . 2 1 . . Launcher 6 | . 1 1 2 . . . . . . . . 1 . . 1 Special Weapon 1 | . . . . . . . . . . . . . . 1 . Impact Weapon . | . . . . . . . . . . . . . . . . Slashing Weapon 2 | . . . . . . . 1 . . . . . . . 1 Piercing Weapon . | . . . . . . . . . . . . . . . . Special Melee Weapon . | . . . . . . . . . . . . . . . . Unidentified Prototypes 17 | . . . 2 . . . . 1 5 1 1 1 2 . 4 Corrupted Parts 5 | . . . . . . . . . . . . . . 5 . System Corruption 14 | . . . . . . . . . . . . . . 14 . Parts Lost 63 | . 1 . . . . . . . 1 2 1 5 2 12 39 Power 5 | . . . . . . . . . . . . . . 2 3 Propulsion 22 | . 1 . . . . . . . 1 1 . 2 . 5 12 Utility 25 | . . . . . . . . . . . . 2 2 3 18 Weapon 11 | . . . . . . . . . . 1 1 1 . 2 6 Highest Loss Streak 13 | . 1 . . . . . . . 1 1 1 4 1 9 13 To Critical Strikes 2 | . . . . . . . . . . . . . . . 2 Average Backups 20 | 5 7 10 18 19 20 21 23 23 23 22 23 23 22 20 20 Power 1 | . . 1 1 1 1 1 1 1 1 1 1 . . . 1 Propulsion 6 | 3 3 3 6 7 7 7 6 6 7 5 5 3 3 4 8 Utility 8 | . 1 4 7 7 9 9 12 12 10 11 10 11 13 9 4 Weapon 3 | . 1 1 3 3 3 3 2 2 3 3 5 6 5 5 4 Tool/Special . | . . . . . . . . . . . . . . . . Unused Backups 41 | . 2 1 14 1 . . 4 4 3 3 3 1 . 1 4 Power 5 | . . . 4 . . . . . 1 . . . . . . Propulsion 5 | . 1 . 1 . . . . . 1 . . . . . 2 Utility 18 | . 1 . 3 . . . 2 4 1 2 1 1 . 1 2 Weapon 13 | . . 1 6 1 . . 2 . . 1 2 . . . . Tool/Special . | . . . . . . . . . . . . . . . . Average Slot Usage (%) 94 | . 99 99 99 100 100 100 99 99 99 97 93 90 88 88 83 Engine 5 | . 14 14 11 11 11 11 9 7 7 1 . 4 . . . Reactor 3 | . . . . . . . . . . 4 5 5 4 6 7 Treads 11 | . . . 11 11 11 11 9 14 15 15 17 20 9 6 10 Leg 3 | . 11 . . . . . . . . . . . 5 6 10 Wheel 15 | . 15 28 21 21 22 22 26 23 23 21 17 14 14 10 . Device 11 | . 14 14 11 11 11 11 6 6 7 13 10 2 . 7 18 Storage 7 | . 14 14 11 11 11 11 9 7 7 6 5 5 4 4 3 Processor 8 | . . . . . . . 2 7 7 6 11 18 23 29 14 Protection 5 | . . . 10 11 11 11 9 7 7 6 5 2 1 . 3 Energy Gun 12 | . 16 14 20 21 22 22 26 23 22 19 6 . . . . Energy Cannon 2 | . . . . . . . . . . . . . . 4 9 Ballistic Gun 1 | . . . . . . . . . . . 9 7 . . . Ballistic Cannon 1 | . 7 . . . . . . . . . . 4 11 6 . Launcher 1 | . 2 13 1 . . . . . . . . 2 2 . . Peak Build Rating 177 | 7 7 11 22 23 22 22 34 40 45 55 68 81 112 141 177 Average Rating 68 | 5 6 9 19 20 21 22 31 39 42 51 63 76 102 124 157 On Entrance 42 | . 7 6 11 20 21 22 22 34 40 42 54 67 81 112 141 Avg Prop Armor Cover (%) 10 | . . . 8 9 9 9 6 12 12 11 14 14 13 16 4 Naked Turns . | . . . . . . . . . . . . . . . . Heaviest Build 201 | 12 52 52 64 99 99 99 108 109 112 114 118 136 162 171 201 Greatest Support 251 | 26 20 20 40 20 20 20 36 36 36 120 60 101 101 180 251 Greatest Overweight (x) 4 | . 2 2 3 4 4 4 3 3 3 2 2 3 2 2 3 Average Overweight (x) 1 | . 1 2 2 2 4 4 2 2 2 1 1 1 1 1 . Largest Inventory Capacity 25 | 8 20 20 20 25 25 25 25 25 25 25 25 25 25 25 25 Average Capacity 23 | 7 14 20 20 20 25 25 25 25 25 25 25 25 25 25 24 Most Carried 25 | 8 9 14 20 21 22 22 25 25 25 25 25 25 25 25 25 Average Carried 20 | 5 7 11 19 20 21 22 24 24 24 24 24 24 23 21 21 Final Capacity 25 | 8 20 20 20 25 25 25 25 25 25 25 25 25 25 25 5 Final Carried 25 | 8 9 14 20 21 22 22 25 25 25 25 25 23 25 22 4 Class Distribution -------------------- 36% | Mutant 19% | Skirmisher 11% | Scavenger-Tank 11% | Scavenger-Skirmisher 9% | Gunner 7% | Scavenger-Gunner Dominant Class ---------------- Mutant | -10/Materials Mutant | -10/Mines Mutant | -9/Materials Mutant | -9/Mines Mutant | -9/Exiles Mutant | -8/Mines Skirmisher | -8/Materials Skirmisher | -7/Factory Skirmisher | -7/Storage Scavenger-Skirmisher | -6/Factory Skirmisher | -5/Factory Gunner | -4/Factory Gunner | -3/Research Skirmisher | -2/Research Scavenger-Tank | -1/Access Resources | -11 -10 -10 -9 -9 -9 -8 -8 -7 -7 -6 -5 -4 -3 -2 -1 ----------- Run | Yrd Mat Min Mat Min Exi Min Mat Fac Sto Fac Fac Fac Res Res Acc Matter Collected 5477 | 280 483 196 515 88 . . 226 40 251 166 448 661 259 479 1385 Remotely . | . . . . . . . . . . . . . . . . Salvage Created 11858 | 211 466 29 2000 135 . . 435 . 866 436 497 1236 230 621 4696 Parts 576 | 11 31 3 101 7 . . 28 . 39 20 21 63 8 26 218 Haulers Intercepted 10 | . 2 . 5 . . . 2 . . . . 1 . . . Recyclers Shooed 2 | . . . 1 . . . . . . . 1 . . . . Parts Field Recycled . | . . . . . . . . . . . . . . . . Retrieved Matter . | . . . . . . . . . . . . . . . . Parts Self-Destructed . | . . . . . . . . . . . . . . . . Prevented . | . . . . . . . . . . . . . . . . Parts Restored . | . . . . . . . . . . . . . . . . Kills | -11 -10 -10 -9 -9 -9 -8 -8 -7 -7 -6 -5 -4 -3 -2 -1 ------- Run | Yrd Mat Min Mat Min Exi Min Mat Fac Sto Fac Fac Fac Res Res Acc Combat Hostiles Destroyed 197 | . 10 . 35 3 . . 8 . 15 9 5 22 6 11 73 Guns 73 | . 1 . 21 3 . . 7 . 15 5 5 4 . 3 9 Cannons 61 | . 5 . . . . . . . . . . 7 4 8 37 AOE 54 | . 4 . 13 . . . . . . 3 . 11 2 . 21 Classes Destroyed 18 | 3 5 . 2 . . . . . 2 1 . . . . 5 Worker 19 | 2 1 . 6 . . . 1 . 1 1 . 2 . . 5 Builder 8 | . . . 2 . . . . . . 1 1 1 . . 3 Tunneler 6 | 3 . 1 . . . . . . . . . 2 . . . Hauler 10 | . 2 . 5 . . . 2 . . . . 1 . . . Recycler 13 | 1 2 . 4 . . . . . 1 . 1 2 . . 2 Carrier 1 | . . . . . . . . . . . . . . . 1 Mechanic 1 | . . . . . . . . . . . . . . . 1 Operator 6 | . 1 . 3 . . . . . . . . 1 1 . . Watcher 14 | . 2 . 5 . . . 1 . 1 2 . . . . 3 Swarmer 42 | . 2 . 10 . . . 1 . 3 . . 11 5 4 6 Cutter 3 | . . . . . . . . . . . . . . . 3 Saboteur 1 | . . . . . . . . . . . . . . . 1 Grunt 76 | . 8 . 15 3 . . 4 . 4 4 3 3 . 2 30 Brawler 2 | . . . . . . . . . . . . . . . 2 Sentry 26 | . . . 10 . . . 3 . 6 1 1 . 1 1 3 Hunter 11 | . . . . . . . . . 1 2 1 . . . 7 Programmer 35 | . . . . . . . . . 1 1 . 8 . 4 21 Behemoth 1 | . . . . . . . . . . 1 . . . . . Best Kill Streak 16 | 2 5 1 7 3 . . 5 . 3 4 7 9 6 4 16 Combat Bots Only 13 | . 4 . 4 3 . . 5 . 3 3 4 7 5 4 13 Max Kills in Single Turn 7 | 1 1 1 7 1 . . 3 . 1 3 1 3 2 1 5 Gunslinging 1 | . . . 1 . . . 1 . . . . 1 . . . Exploded 4 | . 1 . 4 . . . . . . 3 . 2 2 . 4 Melee . | . . . . . . . . . . . . . . . . Uniques/NPCs Destroyed . | . . . . . . . . . . . . . . . . Combat | -11 -10 -10 -9 -9 -9 -8 -8 -7 -7 -6 -5 -4 -3 -2 -1 -------- Run | Yrd Mat Min Mat Min Exi Min Mat Fac Sto Fac Fac Fac Res Res Acc Hostile Shots Fired 1648 | . 70 3 107 10 . . 43 . 176 58 36 83 27 141 894 Missed 534 | . 20 . 33 5 . . 12 . 63 26 9 27 10 50 279 Hits 1114 | . 50 3 74 5 . . 31 . 113 32 27 56 17 91 615 Melee 12 | . . . . . . . . . . . . . . . 12 Projectile 1102 | . 50 3 74 5 . . 31 . 113 32 27 56 17 91 603 AOE 4 | . . . . . . . . . . . . . . . 4 Critical Strikes 37 | . . . 1 . . . 1 . . . 1 1 . 6 27 Part Disruptions 3 | . . . . . . . . . . . . . . . 3 Damage Taken 22602 | . 708 32 971 63 . . 444 17 939 870 562 1165 438 2625 13768 Core 2515 | . 112 . 131 11 . . 52 . 157 93 23 74 45 198 1619 Absorbed by Shields 516 | . . . . . . . . . . . . . . . 516 Reduced by Siege Mode 207 | . . . . . . . . . . . . . . . 207 Ignored by Resistances 99 | . . . . . . . . . . . . . . . 99 Core Remaining (%) 84 | 100 . 55 . . . 64 90 . 77 89 97 93 96 86 . Volleys Fired 557 | 14 52 1 106 4 . 1 21 . 36 18 17 46 16 49 176 Largest 3 | 2 2 2 2 2 . 2 3 . 3 3 3 3 3 3 3 Hottest 353 | 90 80 70 126 121 . 121 190 . 240 240 99 102 153 222 353 Shots Fired 1176 | 28 95 2 200 8 . 2 59 . 90 52 51 97 36 76 380 Gun 665 | 28 55 1 188 8 . 2 59 . 90 52 51 55 . 9 67 Cannon 448 | . 31 . . . . . . . . . . 26 32 63 296 Launcher 58 | . 9 1 12 . . . . . . . . 16 4 1 15 Special 5 | . . . . . . . . . . . . . . 3 2 Kinetic 238 | . 31 . . . . . . . . . 51 81 32 9 34 Thermal 850 | 28 31 . 188 8 . 2 59 . 90 52 . . . 63 329 Explosive 37 | . 9 1 12 . . . . . . . . . . . 15 Electromagnetic 46 | . 24 1 . . . . . . . . . 16 4 1 . Robot Hit Streak 30 | 9 7 5 18 9 . . 9 . 13 22 10 20 7 28 30 Robot Miss Streak 6 | 2 5 . 4 2 . . 3 . 3 3 6 4 4 2 4 Penetration Max 1 | . . . . . . . . . . . 1 . . . . Secondary Targets 9 | . . . 2 . . . 3 . 2 . . 1 . . 1 Max Gunslinging Chain 2 | . . . 1 . . . 2 . 1 . . 1 . . 1 Shots Hit Robots 748 | 16 57 1 144 7 . . 39 . 62 44 30 63 19 51 215 Core Hits 520 | 7 31 1 95 10 . . 42 . 43 38 18 48 15 21 151 Critical Kills 6 | . . . . . . . . . . . . . . . 6 Critical Parts Destroyed 4 | . . . . . . . . . . . 3 1 . . . Critical Strikes 35 | . 5 . 8 . . . 3 . 1 . 3 2 4 3 6 Burn 17 | . 2 . 8 . . . 3 . 1 . . . . 3 . Meltdown 6 | . . . . . . . . . . . . . . . 6 Destroy 4 | . . . . . . . . . . . 3 1 . . . Blast 7 | . 2 . . . . . . . . . . 1 4 . . Corrupt 1 | . 1 . . . . . . . . . . . . . . Melee Attacks 10 | . . . . . . . 1 . . 3 2 . . 4 . Impact . | . . . . . . . . . . . . . . . . Slashing 10 | . . . . . . . 1 . . 3 2 . . 4 . Piercing . | . . . . . . . . . . . . . . . . Sneak Attacks . | . . . . . . . . . . . . . . . . Combat Hostiles . | . . . . . . . . . . . . . . . . Follow-up Attacks . | . . . . . . . . . . . . . . . . Damage Inflicted 32085 | 194 1544 15 3500 119 . . 638 . 1557 1648 883 3353 766 1969 15899 Guns 10329 | 194 428 15 2427 119 . . 638 . 1557 1125 883 1294 . 252 1397 Cannons 10648 | . 428 . . . . . . . . . . 592 534 1628 7466 Explosions 11099 | . 688 . 1064 . . . . . . 523 . 1467 232 89 7036 Melee . | . . . . . . . . . . . . . . . . Ramming 9 | . . . 9 . . . . . . . . . . . . Kinetic 4544 | . 428 . . . . . . . . . 883 1886 534 165 648 Thermal 17556 | 194 308 . 2499 119 . . 638 . 1557 1648 . 663 . 1715 8215 Explosive 8934 | . 616 . 992 . . . . . . . . 290 . . 7036 Electromagnetic 1042 | . 192 15 . . . . . . . . . 514 232 89 . Impact . | . . . . . . . . . . . . . . . . Slashing . | . . . . . . . . . . . . . . . . Piercing . | . . . . . . . . . . . . . . . . Highest Corruption 26 | . . . . . . . 2 1 1 . . 10 . 26 21 Average Corruption 5 | . . . . . . . 2 1 1 . . 7 . 6 7 Corruption Purged . | . . . . . . . . . . . . . . . . Corruption Blocked . | . . . . . . . . . . . . . . . . Effects 158 | . . . . . . . 10 1 5 . . 24 . 15 103 Message Errors 38 | . . . . . . . 1 . . . . 10 . 4 23 Matter Fused 33 | . . . . . . . 4 . 1 . . 3 . 4 21 Heat Flow Errors 14 | . . . . . . . 2 . 1 . . 4 . . 7 Energy Discharges 19 | . . . . . . . . . 2 . . 2 . 1 14 Parts Rejected 3 | . . . . . . . 1 . . . . . . . 2 Parts Fused 2 | . . . . . . . . . . . . . . . 2 Data Loss (minor) 14 | . . . . . . . 2 . . . . 2 . 2 8 Data Loss (major) 8 | . . . . . . . . 1 1 . . . . 1 5 Misfires 10 | . . . . . . . . . . . . 3 . 2 5 Alerts 6 | . . . . . . . . . . . . . . 1 5 Misdirections 5 | . . . . . . . . . . . . . . . 5 Weapon Failures 6 | . . . . . . . . . . . . . . . 6 Overload Shots 20 | . . . . . . . . . 20 . . . . . . Overflow Damage 1264 | . 9 . 12 . . . . . . 137 . 246 42 173 645 Projectiles 407 | . 1 . . . . . . . . . . 4 22 173 207 Explosions 857 | . 8 . 12 . . . . . . 137 . 242 20 . 438 Melee . | . . . . . . . . . . . . . . . . Knockbacks 5 | . 3 . . . . . . . . . . 1 . 1 . Impact . | . . . . . . . . . . . . . . . . Kinetic 5 | . 3 . . . . . . . . . . 1 . 1 . Secondary . | . . . . . . . . . . . . . . . . Self-Inflicted Damage 806 | . 61 . 16 . . . . . . 353 . 123 . . 253 Shots 14 | . 3 . 1 . . . . . . 5 . 2 . . 3 Rammed 2 | . . . 1 . . . 1 . . . . . . . . Targets Rammed 2 | . . . 1 . . . 1 . . . . . . . . Kicked . | . . . . . . . . . . . . . . . . Crushed . | . . . . . . . . . . . . . . . . Highest Temperature 416 | 240 190 9 387 1 . . 263 . 258 . 4 252 156 160 416 Average Temperature 86 | 90 82 6 78 1 . . 95 . 90 . 4 61 76 72 120 Received Heat Transfer 2679 | . 393 18 348 33 . . 180 . 246 54 63 42 9 90 1203 Effects 7 | 2 . . . . . . . . 3 . . . . . 2 Energy Bleed 1 | . . . . . . . . . . . . . . . 1 Interference 5 | 2 . . . . . . . . 3 . . . . . . Damage (major) 1 | . . . . . . . . . . . . . . . 1 Siege Activations 6 | . . . . . . . . . . . . . . . 6 Total Turns 109 | . . . . . . . . . . . . . . . 109 Longest Duration 39 | . . . . . . . . . . . . . . . 39 Martial Activations . | . . . . . . . . . . . . . . . . Shielding Activations . | . . . . . . . . . . . . . . . . Robots Disrupted 2 | . . . . . . . . . . . . 1 1 . . Combat Hostiles 2 | . . . . . . . . . . . . 1 1 . . Robots Corrupted . | . . . . . . . . . . . . . . . . Combat Hostiles . | . . . . . . . . . . . . . . . . Parts Fried 5 | . 1 . . . . . . . . . . 2 2 . . Impact Corruptions . | . . . . . . . . . . . . . . . . Robots Melted 9 | . . . 1 . . . 1 . . 1 . . . . 6 Combat Hostiles 9 | . . . 1 . . . 1 . . 1 . . . . 6 Parts Melted 77 | 2 . . 23 1 . . 2 . 11 9 . 2 . 7 20 Heat Transferred 24321 | 532 901 . 5739 196 . . 1368 . 2977 2750 . 450 . 2045 7363 Parts Sabotaged 2 | . . . . . . . . . . . . . . . 2 Parts Stolen . | . . . . . . . . . . . . . . . . Parts Stripped . | . . . . . . . . . . . . . . . . Power Chain Reactions 4 | . 1 . . . . . . . . . . 3 . . . Alert | -11 -10 -10 -9 -9 -9 -8 -8 -7 -7 -6 -5 -4 -3 -2 -1 ------- Run | Yrd Mat Min Mat Min Exi Min Mat Fac Sto Fac Fac Fac Res Res Acc Maximum Alert Level 5 | . . . 2 1 . . . . . . . 3 2 . 5 Low Security (%) 76 | 100 100 100 65 85 . 100 100 100 100 100 100 45 . 100 54 Level 1 11 | . . . 33 14 . . . . . . . 19 80 . 2 Level 2 3 | . . . . . . . . . . . . 30 19 . 1 Level 3 3 | . . . . . . . . . . . . 4 . . 15 Level 4 1 | . . . . . . . . . . . . . . . 5 Level 5 2 | . . . . . . . . . . . . . . . 10 High Security 2 | . . . . . . . . . . . . . . . 10 Max Security . | . . . . . . . . . . . . . . . . Peak Influence 2212 | 10 179 30 413 230 . . 130 . 182 197 148 708 450 180 2212 Initial 362 | . . 21 . 160 . . . . . 79 47 64 362 180 48 Average 230 | 1 81 3 150 116 . . 30 . 36 98 23 294 352 75 664 Influence Increases 8066 | 30 414 41 1309 70 . . 258 . 553 428 196 1024 256 401 3086 Destroy 0b10 Robot/C 4080 | . 200 . 700 60 . . 160 . 300 180 100 440 120 240 1580 Destroy 0b10 Robot/NC 395 | 30 40 5 125 . . . 20 . 15 20 10 45 5 . 80 Destroy Leader 938 | . 48 . 210 10 . . 46 . 112 54 30 72 20 50 286 Allied During Kill 108 | . . . . . . . . . . . . . . 3 105 Successful Hack 116 | . 16 . 53 . . . 16 . 26 . 5 . . . . Disable Machine 705 | . 30 . 75 . . . 15 . 45 105 15 255 75 . 90 Anti-Garrison Action 150 | . . . . . . . . . . . . . . . 150 Destroy Structure 1169 | . 35 6 86 . . . 1 . 10 69 6 212 36 93 615 Partial Spotted 15 | . 15 . . . . . . . . . . . . . . Lose Combat Pursuer 390 | . 30 30 60 . . . . . 45 . 30 . . 15 180 Influence Decreases 5969 | 30 358 97 898 473 8 . 258 . 377 506 162 466 626 640 1070 Entered New Map 1011 | . . 35 . 251 8 . . . . 97 51 68 328 140 33 Time Decay 4022 | 30 348 62 598 222 . . 258 . 367 389 101 366 278 396 607 Lost Part 560 | . 10 . . . . . . . 10 20 10 32 20 68 390 Lost Ally 76 | . . . . . . . . . . . . . . 36 40 Purge Threat 300 | . . . 300 . . . . . . . . . . . . Squads Dispatched 66 | . 1 1 3 . . . 2 . 5 4 2 6 2 5 35 Investigation 9 | . . 1 2 . . . 1 . 2 1 . 1 . . 1 Extermination 17 | . . . . . . . . . 1 2 . 3 1 2 8 Reinforcement 15 | . 1 . 1 . . . 1 . 1 . 2 1 1 . 7 Assault 19 | . . . . . . . . . . . . . . . 19 Garrison 6 | . . . . . . . . . 1 1 . 1 . 3 . Intercept . | . . . . . . . . . . . . . . . . Searches Triggered . | . . . . . . . . . . . . . . . . Construction Impeded . | . . . . . . . . . . . . . . . . Haulers Reinforced 1 | . . . . . . . . . . . 1 . . . . Active Scanning Responses . | . . . . . . . . . . . . . . . . Cargo Convoy Interrupts . | . . . . . . . . . . . . . . . . Stealth | -11 -10 -10 -9 -9 -9 -8 -8 -7 -7 -6 -5 -4 -3 -2 -1 --------- Run | Yrd Mat Min Mat Min Exi Min Mat Fac Sto Fac Fac Fac Res Res Acc Distress Signals 12 | . . . 6 . . . 1 . 1 . . . . . 4 Communications Jammed 22 | . . . . . . . . . . . . . . . 22 Distress Signals 21 | . . . . . . . . . . . . . . . 21 Times Spotted 303 | . 20 2 48 3 . . 9 . 21 12 11 22 10 18 127 Peak Tracking Total 18 | . 4 2 4 3 . . 5 . 4 3 4 5 5 6 18 Tactical Retreats 18 | . 2 1 3 . . . . . 1 . 2 . . 1 8 Traps | -11 -10 -10 -9 -9 -9 -8 -8 -7 -7 -6 -5 -4 -3 -2 -1 ------- Run | Yrd Mat Min Mat Min Exi Min Mat Fac Sto Fac Fac Fac Res Res Acc Traps Triggered 9 | . . . 2 . . . 2 1 . . . 2 . 2 . Indirectly . | . . . . . . . . . . . . . . . . Trap Hack Attempts . | . . . . . . . . . . . . . . . . Triggered . | . . . . . . . . . . . . . . . . Disarmed . | . . . . . . . . . . . . . . . . Reprogrammed . | . . . . . . . . . . . . . . . . Reused . | . . . . . . . . . . . . . . . . Traps Extracted . | . . . . . . . . . . . . . . . . Installed . | . . . . . . . . . . . . . . . . Triggered . | . . . . . . . . . . . . . . . . Machines | -11 -10 -10 -9 -9 -9 -8 -8 -7 -7 -6 -5 -4 -3 -2 -1 ---------- Run | Yrd Mat Min Mat Min Exi Min Mat Fac Sto Fac Fac Fac Res Res Acc Machines Disabled 48 | . 2 . 5 . . . 1 . 3 7 1 17 5 . 7 Max in Single Turn 7 | . 2 . 3 . . . 1 . 1 5 1 7 1 . 1 Garrison Access 6 | . . . . . . . 1 . . 2 . 1 1 . 1 Machines Repaired . | . . . . . . . . . . . . . . . . Machines Dismantled . | . . . . . . . . . . . . . . . . Machines Sabotaged . | . . . . . . . . . . . . . . . . Overloaded Fab Kills . | . . . . . . . . . . . . . . . . Hacking | -11 -10 -10 -9 -9 -9 -8 -8 -7 -7 -6 -5 -4 -3 -2 -1 --------- Run | Yrd Mat Min Mat Min Exi Min Mat Fac Sto Fac Fac Fac Res Res Acc Machines Accessed 48 | . 6 1 12 1 2 . 4 . 6 6 2 1 2 2 3 Terminals 27 | . 6 . 11 . . . 2 . 4 2 1 . 1 . . Fabricators 2 | . . . . . . . . . . . 1 . . . 1 Repair Stations 3 | . . . . . . . . . 1 1 . . . 1 . Recycling Units . | . . . . . . . . . . . . . . . . Scanalyzers 3 | . . . 1 . . . 1 . . 1 . . . . . Garrison Access 9 | . . . . . . . 1 . 1 2 . 1 1 1 2 Total Hacks 130 | . 24 1 46 1 4 . 13 . 15 10 3 1 3 3 6 Successful 66 | . 15 1 27 1 4 . 9 . 2 3 1 1 2 . . Failed 62 | . 9 . 19 . . . 3 . 13 6 2 . 1 3 6 Catastrophic 10 | . . . . . . . . . 4 3 . . . 1 2 Database Lockouts 2 | . . . . . . . 1 . . 1 . . . . . Manual 58 | . 15 . 30 . 1 . 5 . 5 1 . . 1 . . Terminals 90 | . 24 . 40 . . . 9 . 10 3 2 . 2 . . Fabricators 3 | . . . . . . . . . . . 1 . . . 2 Repair Stations 4 | . . . . . . . . . 2 1 . . . 1 . Recycling Units . | . . . . . . . . . . . . . . . . Scanalyzers 11 | . . . 6 . . . 3 . . 2 . . . . . Garrison Access 16 | . . . . . . . 1 . 3 4 . 1 1 2 4 Terminal Hacks 23 | . 6 1 8 1 4 . 2 . . . . . 1 . . Record 4 | . . . . . 3 . . . . . . . 1 . . Prototype ID Bank 6 | . 3 . 2 . . . 1 . . . . . . . . Open Door 2 | . . 1 . 1 . . . . . . . . . . . Terminal Index 1 | . 1 . . . . . . . . . . . . . . Unreport Threat 2 | . . . 2 . . . . . . . . . . . . Locate Traps 4 | . 2 . 1 . . . 1 . . . . . . . . Surveillance Status 1 | . . . 1 . . . . . . . . . . . . Hauler Manifests 2 | . . . 2 . . . . . . . . . . . . Proto ID Catalog 1 | . . . . . 1 . . . . . . . . . . Fabricator Hacks 1 | . . . . . . . . . . . 1 . . . . Build 1 | . . . . . . . . . . . 1 . . . . Repair Station Hacks . | . . . . . . . . . . . . . . . . Recycling Unit Hacks . | . . . . . . . . . . . . . . . . Scanalyzer 7 | . . . 4 . . . 2 . . 1 . . . . . Retrieve Study 7 | . . . 4 . . . 2 . . 1 . . . . . Garrison Access Hacks 5 | . . . . . . . 1 . . 2 . 1 1 . . Seal Access 5 | . . . . . . . 1 . . 2 . 1 1 . . Unauthorized Hacks 30 | . 9 . 15 . . . 4 . 2 . . . . . . Terminals 30 | . 9 . 15 . . . 4 . 2 . . . . . . Botnet 12 | . 3 . 5 . . . 2 . 2 . . . . . . Skim 18 | . 6 . 10 . . . 2 . . . . . . . . Fabricators . | . . . . . . . . . . . . . . . . Repair Stations . | . . . . . . . . . . . . . . . . Recycling Units . | . . . . . . . . . . . . . . . . Scanalyzers . | . . . . . . . . . . . . . . . . Garrison Access . | . . . . . . . . . . . . . . . . Data Cores Recovered 3 | . . . 2 . . . . . . . . . . . 1 Used 1 | . . . 1 . . . . . . . . . . . . Hacking Detections 34 | . 5 . 9 . . . 3 . 6 4 1 . 1 2 3 Full Trace Events 4 | . . . . . . . . . 2 1 . . . . 1 Feedback Events . | . . . . . . . . . . . . . . . . Feedback Blocked . | . . . . . . . . . . . . . . . . Robot Schematics Acquired . | . . . . . . . . . . . . . . . . Robots Built . | . . . . . . . . . . . . . . . . Authchips . | . . . . . . . . . . . . . . . . Time . | . . . . . . . . . . . . . . . . Total Robot Build Rating . | . . . . . . . . . . . . . . . . Part Schematics Acquired . | . . . . . . . . . . . . . . . . Parts Built 2 | . . . . . . . . . . . 2 . . . . Authchips . | . . . . . . . . . . . . . . . . Time 139 | . . . . . . . . . . . 139 . . . . Total Part Build Rating 18 | . . . . . . . . . . . 18 . . . . Part Studies Acquired 7 | . . . 4 . . . 2 . . 1 . . . . . Parts Repaired . | . . . . . . . . . . . . . . . . Time . | . . . . . . . . . . . . . . . . Parts Recycled . | . . . . . . . . . . . . . . . . Recycled Matter . | . . . . . . . . . . . . . . . . Retrieved Matter . | . . . . . . . . . . . . . . . . Retrieved Components . | . . . . . . . . . . . . . . . . Parts Scanalyzed . | . . . . . . . . . . . . . . . . Part Schematics Acquired . | . . . . . . . . . . . . . . . . Parts Damaged . | . . . . . . . . . . . . . . . . Bothacking | -11 -10 -10 -9 -9 -9 -8 -8 -7 -7 -6 -5 -4 -3 -2 -1 ------------ Run | Yrd Mat Min Mat Min Exi Min Mat Fac Sto Fac Fac Fac Res Res Acc Used RIF Installer . | . . . . . . . . . . . . . . . . Robots Hacked . | . . . . . . . . . . . . . . . . Non-combat . | . . . . . . . . . . . . . . . . Combat . | . . . . . . . . . . . . . . . . Robot Hacks Applied . | . . . . . . . . . . . . . . . . Relay Couplers Released 4 | . . . . . . . . . . . . . . . 4 Machine Destruction 4 | . . . . . . . . . . . . . . . 4 Fabnet Peak Effective % . | . . . . . . . . . . . . . . . . Robots Rewired . | . . . . . . . . . . . . . . . . Allies Hacked 1 | . . . . . . . . . . . . . . 1 . Hacks Repelled . | . . . . . . . . . . . . . . . . Allies | -11 -10 -10 -9 -9 -9 -8 -8 -7 -7 -6 -5 -4 -3 -2 -1 -------- Run | Yrd Mat Min Mat Min Exi Min Mat Fac Sto Fac Fac Fac Res Res Acc Total Allies 4 | . . . . . . . . . . . . . . 2 2 Largest Group 1 | . . . . . . . . . . . . . . 1 1 Highest-Rated Group 219 | . . . . . . . . . . . . . . 148 219 Highest-Rated Ally 219 | . . . . . . . . . . . . . . 148 219 Total Orders . | . . . . . . . . . . . . . . . . Ally Attacks 48 | . . . . . . . . . . . . . . 25 23 Total Damage 3043 | . . . . . . . . . . . . . . 824 2219 Kills 8 | . . . . . . . . . . . . . . 1 7 Allies Corrupted 3 | . . . . . . . . . . . . . . 2 1 Allies Melted . | . . . . . . . . . . . . . . . . Field Lobotomies 4 | . . . . . . . . . . . . . . 2 2 Intel | -11 -10 -10 -9 -9 -9 -8 -8 -7 -7 -6 -5 -4 -3 -2 -1 ------- Run | Yrd Mat Min Mat Min Exi Min Mat Fac Sto Fac Fac Fac Res Res Acc Active Infowar (turns) 11394 | 53 885 499 280 . . . 282 389 1109 1112 639 1028 611 1004 3503 Optics 9677 | . . . . . . . 282 389 1109 1112 639 1028 611 1004 3503 Terrain 440 | . . . . . . . . . . . . . . 440 . Structural 2159 | . . . 213 . . . . 386 162 23 557 383 . 435 . Seismic 1504 | 53 885 499 67 . . . . . . . . . . . . Jamming 2668 | . . . . . . . . . . . . . . . 2668 Robot Analysis Total . | . . . . . . . . . . . . . . . . Derelict Logs Recovered 3 | . . 1 . 2 . . . . . . . . . . . Drone Launches . | . . . . . . . . . . . . . . . . Drone Recoveries . | . . . . . . . . . . . . . . . . Exploration | -11 -10 -10 -9 -9 -9 -8 -8 -7 -7 -6 -5 -4 -3 -2 -1 ------------- Run | Yrd Mat Min Mat Min Exi Min Mat Fac Sto Fac Fac Fac Res Res Acc Turns Passed 16329 | 131 885 499 2796 468 349 517 1265 389 1133 1112 639 1028 611 1004 3503 Spaces Moved 8873 | 70 566 282 1545 430 268 396 461 284 383 681 387 539 395 536 1650 Core 5 | 4 . . . . . . . . . . . . . . 1 Treads 1460 | . . . 271 . . . . . . 56 4 153 1 42 933 Legs 887 | . 171 . . . . . . . . . . . . . 716 Wheels 6521 | 66 395 282 1274 430 268 396 461 284 383 625 383 386 394 494 . Hover . | . . . . . . . . . . . . . . . . Flight . | . . . . . . . . . . . . . . . . Fastest Speed 50 | 50 80 110 100 100 130 130 110 110 110 110 116 116 103 122 50 Average Speed 128 | 83 114 110 133 103 130 130 111 124 124 116 116 147 120 129 147 Slowest Speed 400 | 90 260 110 280 130 130 130 118 125 125 160 200 230 230 320 400 Overloaded Moves . | . . . . . . . . . . . . . . . . Propulsion Burnouts . | . . . . . . . . . . . . . . . . Robots Hopped . | . . . . . . . . . . . . . . . . Potential Cave-ins . | . . . . . . . . . . . . . . . . Cave-ins Triggered 1 | . . . . . . . . . . . . . . 1 . Exploration Rate (%) 44 | 5 83 66 99 77 70 83 38 9 58 26 10 16 13 14 48 Regions Visited 15 Branch Regions 5 Pre-discovered Areas 4 | . . 1 2 . 1 . . . . . . . . . . Known Exits Taken 8 | . 1 1 1 . . 1 1 . . . . 1 1 1 . Unknown Exits Taken 7 | 1 . . . 1 1 . . 1 1 1 1 . . . . Scrap Searched 5 | . . 1 . 3 . 1 . . . . . . . . . Spaces Dug 165 | . 23 . 31 . . . 1 . . 3 2 . . 9 96 Terrain Destroyed 646 | . 34 6 92 . . . 1 . 5 100 2 121 17 22 246 Melee 9 | . . . . . . . 1 . . 3 2 . . 3 . Projectile 140 | . . . . . . . . . 5 . . 20 17 19 79 AOE 497 | . 34 6 92 . . . . . . 97 . 101 . . 167 Terrain Rammed . | . . . . . . . . . . . . . . . . Walls Destroyed . | . . . . . . . . . . . . . . . . Machines Disabled . | . . . . . . . . . . . . . . . . Actions | -11 -10 -10 -9 -9 -9 -8 -8 -7 -7 -6 -5 -4 -3 -2 -1 --------- Run | Yrd Mat Min Mat Min Exi Min Mat Fac Sto Fac Fac Fac Res Res Acc Total 12814 | 113 705 468 2096 447 268 396 1169 324 964 944 533 690 500 767 2430 Wait 2702 | 7 50 174 327 1 . . 627 17 507 197 83 66 55 129 462 Move 8858 | 69 565 281 1544 429 267 395 460 283 382 680 386 538 394 535 1650 Hop . | . . . . . . . . . . . . . . . . Pick Up 149 | 14 7 5 32 2 1 . 18 5 5 10 10 9 8 7 16 Fast Attach 86 | 1 3 1 5 1 . . 2 2 8 2 4 9 6 7 35 Attach 81 | 6 1 1 2 . . . 2 2 1 7 3 7 6 14 29 Detach 26 | . . . . 1 . . 1 1 1 2 3 1 3 4 9 Swap 146 | 1 13 2 35 5 . . 18 5 9 14 12 4 3 10 15 Drop 196 | 1 14 3 44 4 . . 18 9 15 11 13 10 9 8 37 Fire 557 | 14 52 1 106 4 . 1 21 . 36 18 17 46 16 49 176 Melee 10 | . . . . . . . 1 . . 3 2 . . 4 . Ram 3 | . . . 1 . . . 1 . . . . . . . 1 Kick . | . . . . . . . . . . . . . . . . Crush . | . . . . . . . . . . . . . . . . Escape Stasis . | . . . . . . . . . . . . . . . . Rewire . | . . . . . . . . . . . . . . . . Trap . | . . . . . . . . . . . . . . . . Miscellaneous . | . . . . . . . . . . . . . . . . Route ------- -11/Scrapyard -10/Materials (discovered 4 exits: *Mat x3 / *Min) -10/Mines -9/Materials (discovered 5 exits: *Mat x3 / *Min x2) -9/Mines (discovered 2 exits: Mat / *Exi) -9/Exiles -8/Mines (discovered 2 exits: *Mat x2) -8/Materials -7/Factory -7/Storage (discovered 2 exits: *Fac / Rec) -6/Factory -5/Factory -4/Factory -3/Research -2/Research (discovered 2 exits: *Acc / *Tes) -1/Access History --------- Turn | Location | Event 23 | -11/Scrapyard | Discovered new exit (range 15) 132 | -11/Scrapyard | Entered Materials 312 | -10/Materials | Build established: Mutant 452 | -10/Materials | Discovered new exit (range 16) 632 | -10/Materials | Derelicts attacked the area 846 | -10/Materials | Discovered new exit (range 13) 883 | -10/Materials | Identified exit to Materials 883 | -10/Materials | Identified exit to Mines 937 | -10/Materials | Learned location of 1 exit from Recycling 979 | -10/Materials | Learned location of 2 exits from Materials 1017 | -10/Materials | Entered Mines 1084 | -10/Mines | Found a Scrap Suit stashed away for nefarious purposes 1086 | -10/Mines | Found Scrap Suit 1258 | -10/Mines | Met a Derelict shopkeep closing up shop 1440 | -10/Mines | Discovered exit to Materials (range 11) 1457 | -10/Mines | Learned location of Storage (-7) 1505 | -10/Mines | Found a hidden stash of uninstalled traps 1516 | -10/Mines | Entered Materials 1516 | -9/Materials | Evolved 2 slots: Propulsion x1, Utility x1 1517 | -9/Materials | Identified exit to Materials 3048 | -9/Materials | Learned location of Mines (-9) 3140 | -9/Materials | Discovered new exit (range 6) 3203 | -9/Materials | Learned Storage trap positions 3239 | -9/Materials | Learned Storage trap positions 3271 | -9/Materials | Identified exit to Mines 4312 | -9/Materials | Entered Mines 4468 | -9/Mines | Learned Materials non-interactive machine intel 4475 | -9/Mines | Received a Rocket Launcher from a helpful Derelict 4511 | -9/Mines | Met a Derelict who couldn't figure out how to use a Trap Extractor 4591 | -9/Mines | Deemed a non-threat by the Exiles lab entrance 4592 | -9/Mines | Discovered new exit (range 5) 4658 | -9/Mines | Learned 4 Materials zone layouts 4780 | -9/Mines | Entered Exiles 4818 | -9/Exiles | Met 8R-AWN 4836 | -9/Exiles | Met EX-HEX 4875 | -9/Exiles | Met EX-BIN 4894 | -9/Exiles | Aligned with FarCom system 4895 | -9/Exiles | Given EX-Vault access code 4925 | -9/Exiles | Opened EX-Vault 4931 | -9/Exiles | Found Field Lobotomy Kit 4960 | -9/Exiles | Warned to stay clear of 0b10 Research branches 4996 | -9/Exiles | Met EX-DEC 5005 | -9/Exiles | Learned location of Zion (-6) 5113 | -9/Exiles | Discovered new exit (range 14) 5129 | -9/Exiles | Left Exiles lab with Field Lobotomy Kit 5129 | -9/Exiles | Entered Mines 5516 | -8/Mines | Discovered exit to Materials (range 16) 5552 | -8/Mines | Discovered exit to Materials (range 7) 5646 | -8/Mines | Entered Materials 5646 | -8/Materials | Evolved 2 slots: Propulsion x1, Weapon x1 5647 | -8/Materials | Identified exit to Factory 5648 | -8/Materials | Loaded intel: 41 non-interactive machine locations 6271 | -8/Materials | Build established: Skirmisher 6380 | -8/Materials | Central database locked down 6911 | -8/Materials | Entered Factory 6911 | -7/Factory | Evolved 2 slots: Propulsion x1, Utility x1 7008 | -7/Factory | Discovered new exit (range 13) 7300 | -7/Factory | Entered Storage 7301 | -7/Storage | Identified exit to Recycling 7302 | -7/Storage | Loaded intel: 21 trap records 8335 | -7/Storage | Garrison activated, responded to threat 8428 | -7/Storage | Discovered new exit (range 5) 8433 | -7/Storage | Entered Factory 8433 | -6/Factory | Evolved 2 slots: Propulsion x1, Utility x1 8654 | -6/Factory | Build established: Scavenger-Skirmisher 8883 | -6/Factory | Garrison activated, responded to threat 8991 | -6/Factory | Found Hvy. Insulated Plating 9265 | -6/Factory | Central database locked down 9293 | -6/Factory | Spotted B-75 Beast 9362 | -6/Factory | Destroyed B-75 Beast 9379 | -6/Factory | Discovered new exit (range 8) 9545 | -6/Factory | Entered another Factory area 9545 | -5/Factory | Evolved 2 slots: Propulsion x1, Utility x1 9874 | -5/Factory | Fabricated Cmb. Linear Gravjet? 10072 | -5/Factory | Discovered new exit (range 17) 10184 | -5/Factory | Entered another Factory area 10184 | -4/Factory | Evolved 2 slots: Power x1, Propulsion x1 10641 | -4/Factory | Lost 4 parts (2n1u1w) 10645 | -4/Factory | Garrison activated, responded to threat 10707 | -4/Factory | Destroyed 7 combat bots 10848 | -4/Factory | System corruption reached 10% 10864 | -4/Factory | Build established: Gunner 11177 | -4/Factory | Discovered new exit (range 5) 11212 | -4/Factory | Identified exit to Research 11212 | -4/Factory | Entered Research 11212 | -3/Research | Evolved 2 slots: Utility x2 11766 | -3/Research | Discovered new exit (range 18) 11806 | -3/Research | Identified exit to Research 11823 | -3/Research | Entered another Research area 11823 | -2/Research | Evolved 2 slots: Utility x2 12119 | -2/Research | Build established: Skirmisher 12158 | -2/Research | Spotted B-90 Cyclops 12164 | -2/Research | Assimilated B-90 Cyclops with FLK Orb 12300 | -2/Research | Lost 9 parts (1p4n2u2w) 12325 | -2/Research | Discovered new exit (range 19) 12370 | -2/Research | Identified exit to Testing 12540 | -2/Research | Discovered new exit (range 13) 12540 | -2/Research | Spotted B-90 Cyclops 12541 | -2/Research | Assimilated B-90 Cyclops with FLK Orb 12573 | -2/Research | Garrison activated, responded to threat 12576 | -2/Research | Identified exit to Access 12747 | -2/Research | Crushed by falling debris 12747 | -2/Research | System corruption reached 10% 12778 | -2/Research | Lost 3 parts (1p1n1u) 12827 | -2/Research | Entered Access 12827 | -1/Access | Evolved 2 slots: Utility x2 13243 | -1/Access | Build established: Scavenger-Tank 13786 | -1/Access | Found Hvy. Insulated Plating 14645 | -1/Access | Found Prototype Launcher 14645 | -1/Access | Identified Ragnarok Missile Launcher 14909 | -1/Access | Destroyed 13 combat bots 15102 | -1/Access | System corruption reached 10% 15180 | -1/Access | Build established: Scavenger-Gunner 15304 | -1/Access | Spotted B-99 Colossus 15307 | -1/Access | Assimilated B-99 Colossus with FLK Orb 15448 | -1/Access | Destroyed 10 combat bots 15456 | -1/Access | Lost 4 parts (1n1u2w) 15827 | -1/Access | First assault squad dispatched 15885 | -1/Access | Spotted B-99 Colossus 15974 | -1/Access | High security lockdown imminent 16043 | -1/Access | Assimilated B-99 Colossus with FLK Orb 16054 | -1/Access | High security lockdown engaged 16073 | -1/Access | Lost 10 parts (1p3n5u1w) 16248 | -1/Access | Spotted B-99 Colossus 16304 | -1/Access | Core integrity fell below 50% 16322 | -1/Access | Core integrity fell below 20% 16330 | -1/Access | Destroyed by S-43 Plague with Heavy Machine Gun Last Messages --------------- 16319_ Dropped Enh. Quantum Rifle. 16320_ Dropped KE Penetrator. 16321_ Wall collapses. 16321_ Dropped Adv. Point Defense System. 16321_ Slug penetrates G-73 Enforcer. 16321_ Penetrated by Slug. 16321_ Slug penetrates Wall. 16321_ Penetrated by Slug. 16321_ Slug penetrates Wall. 16324_ ALERT: Heavy assault forces dispatched. 16324_ Dropped Huge Storage Unit. 16324_ Knocked back. 16324_ Slug penetrates G-73 Enforcer. 16324_ Penetrated by Slug. 16324_ Slug penetrates Wall. 16324_ Slug penetrates S-43 Plague. 16324_ Slug penetrates Wall. 16324_ U-05 Engineer builds a Wall. 16325_ Cmb. Antigrav System destroyed. 16329_ U-05 Engineer builds a Wall. Map ----- +----------------------------------------------------+ | | | ????????????######???????????????????????????????? | | ???????????? #??????????????????????????????? | | ???????????# #??????????????????????????????? | | ???????????# #??????????????????????????????? | | ???????????# #??????????????????????????????? | | ###?#+?????# #??????????????????????????????? | | ?????# #??????????????????????????????? | | ? ?????# ???????????????????????????????? | | ??? ###### ???????????????????????????????? | | ???? # ??#########?????????????????????? | | ###### # ??# ??????????????????????? | | #?] ???# #???????????????????????? | | #? ???# #???????????????????????? | | ###/##### #???????????????????????? | | #???????????????????????? | | ##### #???????????????????????? | | [[! i #?? # ########????????????????? | | [! #### ####" ##### ?????????? | | [! ####+###"# ????????? | | %/BB u " H ????????? | | ;BB ;gg h ????????? | | #"" ;bsghh ##### ?????????? | | #####"R ;;;;#### #????????????????? | | #???#""" #ggsgl## #????????????????? | | #???#""" # s![%@#? #????????????????? | | #???# # s*=%##?? #????????????????? | | ####"/##### # ! %#???? #????????????????? | | ## # #######????? #????????????????? | | ## = = ##########????????????#????????????????? | | ?# ! #??????????????????????????????????????? | | ?# ! #??????????????????????????????????????? | | ?#"########??????????????????????????????????????? | | ? ??????????????????????????????????????????????? | | # ??????????????????????????????????????????????? | | " ??????????????????????????????????????????????? | | " ???????????????????????????????????????????????? | | " ???????????????????????????????????????????????? | | " ???????????????????????????????????????????????? | | # ???????????????????????????????????????????????? | | #????????????????????????????????????????????????? | | ?????????????????????????????????????????????????? | | ?????????????????????????????????????????????????? | | ?????????????????????????????????????????????????? | | ?????????????????????????????????????????????????? | | ?????????????????????????????????????????????????? | | ###??????????????????????????????????????????????? | | ???????????????????????????????????????? | | #### ???????????????????????????????????????? | | ?????????????????????????????????????????????????? | +----------------------------------------------------+ Best States ------------- Heat Dissipation 166 Energy Generation 45 Energy Capacity 600 Matter Stores 300 Matter Capacity 300 Sight Range 20 Terrain Scan Range 20 Terrain Scan Density 410 Jamming Range 16 Base Temperature (-) 100 Armor Coverage 1200 Resistance: EM 30 Weapon Cycling 25 Evasion (%) 55 Targeting Accuracy 24 Core Analysis 6 Recoil Reduction 8 Matter Filtering 30 Offensive Hacking 14 Defensive Hacking 14 Item Schematics ----------------- None Robot Schematics ------------------ None Fabricated ------------ Cmb. Linear Gravjet | x2 | -5/Factory | Preloaded Repaired ---------- Nothing Studied --------- Arm. Wheel | -9/Materials | Hacked Wheel | -9/Materials | Hacked Lgt. Treads | -9/Materials | Hacked Rocket Launcher | -9/Materials | Hacked Shock Bomb Launcher | -8/Materials | Hacked Mni. Grenade Launcher | -8/Materials | Hacked Gatling Laser | -6/Factory | Hacked Alien Tech Used ----------------- None Achievements -------------- None Challenges ------------ None Game ------ Seed ArcsightDisruptionDisplacer Manual? 0 Play Time 03:17:01 Cumulative 141.8 hours Start 2025.12.18 @ 12:39:13 End 2025.12.18 @ 18:33:10 Sessions 1 Manual Loads 0 Difficulty Rogue Special Mode None Game No. 106 Rogue 106 Adventurer 0 Explorer 0 Win Type - Total 2 Types 2/0/0/0/0/0/0/0/0/0 Lore% 45 Gallery% 49 Achievement% 40 Wizard Run 0 Options --------- Layout 2 ASCII 0 Keyboard 0 Movement Mouse Keybinds 0 Fullscreen 2 Font 24/Smallcaps Map View 50x44 Zoom Use 0% Tactical HUD 1 Map Filters NONE Filters NONE Steam 1 RUN: a4dd444a-90d4-41c4-a473-c31f50676f25